 Dungeon Crawl Stone Soup version 0.26-a0-658-gbdda728c12 (webtiles) character file.

Game seed: 11171508171886313033

46 tacoguy the Conjurer (level 3, -1/19 HPs)
             Began as a Deep Elf Conjurer on Oct 5, 2020.
             Slain by a gnoll
             ... wielding a +0 spear
              (11 damage)
             ... on level 2 of the Dungeon.
             The game lasted 00:04:15 (1220 turns).

tacoguy the Conjurer (Deep Elf Conjurer)            Turns: 1220, Time: 00:04:15

Health: -1/19      AC:  2    Str:  4    XL:     3   Next: 46%
Magic:  1/10       EV: 13    Int: 23    God:
Gold:   77         SH:  0    Dex: 13    Spells: 7/10 levels left

rFire    . . .     SeeInvis .   e - +0 hand axe (vamp)
rCold    . . .     Faith    .   (no shield)
rNeg     . . .     Spirit   .   a - +0 robe
rPois    .         Reflect  .   (no helmet)
rElec    .         Harm     .   (no cloak)
rCorr    .         Rampage  .   (no gloves)
MR       .....                  (no boots)
Stlth    ++........             (no amulet)
HPRegen  0.06/turn              (no ring)
MPRegen  0.12/turn              (no ring)

@: no status effects
A: no striking features
a: no special abilities


You were on level 2 of the Dungeon.
You visited 1 branch of the dungeon, and saw 2 of its levels.

You collected 77 gold pieces.

Inventory:

Hand Weapons
 e - a +0 vampiric hand axe (weapon)
Armour
 a - a +0 robe (worn)
Scrolls
 b - 4 scrolls of remove curse {unknown}
 c - a scroll of enchant armour {unknown}
 f - a scroll of magic mapping
 g - a scroll of immolation {unknown}
Potions
 d - a potion of berserk rage


   Skills:
 - Level 2.5 Dodging
 - Level 2.4 Stealth
 + Level 4.2 Spellcasting
 + Level 5.2 Conjurations


You had 7 spell levels left.
You knew the following spells:

 Your Spells              Type           Power        Failure   Level
a - Magic Dart            Conj           ####         1%          1
b - Searing Ray           Conj           ####..       1%          2

Your spell library contained the following spells:

 Spells                   Type           Power        Failure   Level
 Dazzling Flash           Conj/Hex       ###...       11%         3
 Fulminant Prism          Conj/Hex       ###.......   34%         4
 Iskenderun's Mystic Bla  Conj/Tloc      ###.....     34%         4


Dungeon Overview and Level Annotations

Branches:
Dungeon (2/15)

Altars:


Message History

Aim: a gnoll, wielding a +0 spear The magic dart hits the gnoll.
The gnoll is lightly wounded.
The gnoll closely misses you. The gnoll completely misses you.
You hit the gnoll but do no damage.
The gnoll is lightly wounded.
The gnoll hits you with a +0 spear!
Ouch! That really hurt!
You hit the gnoll.
You feel better.
The gnoll is moderately wounded.
The gnoll hits you but does no damage.
You hit the gnoll.
The gnoll is moderately wounded.
The gnoll hits you but does no damage.
You closely miss the gnoll.
The gnoll is moderately wounded.
The gnoll barely misses you. The gnoll hits you with a +0 spear!
Ouch! That really hurt!
You die...

##### ######...#
###........###
#....##......##### ##
#.#..##......#<... ...
#.#......#........ ....
#@#......#...#.#.. ....)
#g##.#.#.#........
......##.##..............
#.g...##.#.###.####.#.
########.#............ #
#.#†#..†.......
#.########.#.#..#####..#
####..<#......#.#....#.....
...^..................<.....


You could see a gnoll.

Vanquished Creatures
  2 gnolls (D:2)
  A dart slug (D:1)
  A leopard gecko (D:1)
  A giant cockroach (D:2)
  3 goblins (D:1)
  5 hobgoblins
  2 frilled lizards (D:1)
  7 kobolds (D:1)
  3 rats (D:1)
25 creatures vanquished.

Notes
Turn   | Place    | Note
-------+----------+-------------------------------------------
     0 | D:1      | tacoguy the Deep Elf Conjurer began the quest for the Orb.
     0 | D:1      | Reached XP level 1. HP: 10/10 MP: 6/6
   240 | D:1      | Reached XP level 2. HP: 9/15 MP: 2/8
   358 | D:1      | Learned a level 2 spell: Searing Ray
  1002 | D:2      | Reached skill level 5 in Conjurations
  1208 | D:2      | Reached XP level 3. HP: 19/19 MP: 2/10
  1220 | D:2      | Slain by a gnoll

Illustrated notes

Levels and vault maps discovered:
D:1:      minmay_arrival_doors, layout_basic,
          hangedman_abyss_or_decor_lesser_grid, ebering_dispersal_statue_hall
D:2:      layout_basic, minivault_4, tgw_trog

Skill      XL: |  1  2 |
---------------+-------+-----
Conjurations   | 5 |  5.2
Spellcasting   | 4 |  4.2
Dodging        | |  2.5
Stealth        | |  2.4

Action                   || total
-------------------------++-------
Melee: Hand axe          ||     4
 Cast: Magic Dart        ||    43
       Searing Ray       ||     6
  Use: Scroll            ||     3
       Potion            ||     1
Dodge: Dodged            ||     5

Table legend: (Time is in decaauts)
 A = Elapsed time spent in this place.
 B = Non-inter-level travel time spent in this place.
 C = Inter-level travel time spent in this place.
 D = Time resting spent in this place.
 E = Time spent auto-exploring this place.
 F = Levels seen in this place.
 G = Mean time per level.
                   A        B        C        D        E       F      G
               +--------+--------+--------+--------+--------+-----+--------+
         Total |   1229 |   1193 |     36 |    606 |    465 |   2 |  614.5 |
       Dungeon |   1229 |   1193 |     36 |    606 |    465 |   2 |  614.5 |
               +--------+--------+--------+--------+--------+-----+--------+

Top non-repeatable levels by time:
     D:1: 992 daAuts
     D:2: 236 daAuts
